 Dungeon Crawl Stone Soup version 0.25-b1-23-ge2ad7d536c (webtiles) character file.

Game seed: 7159284032457916138, levelgen mode: deterministic

20 Masnef the Sneak (level 2, -3/13 HPs)
             Began as a Spriggan Enchanter on May 31, 2020.
             Slain by an ogre
             ... wielding a +0 giant club
              (16 damage)
             ... on level 4 of the Dungeon.
             The game lasted 00:09:53 (2437 turns).

Masnef the Sneak (Spriggan Enchanter)               Turns: 2437, Time: 00:09:54

Health: -3/13      AC:  3    Str:  4    XL:     2   Next: 58%
Magic:  6/6        EV: 18    Int: 16    God:
Gold:   140        SH:  0    Dex: 16    Spells: 3/6 levels left

rFire    . . .     SeeInvis +   g - +2 dagger (vamp)
rCold    . . .     Gourm    .   (shield restricted)
rNeg     . . .     Faith    .   b - +1 robe
rPois    .         Spirit   .   (helmet restricted)
rElec    .         Reflect  .   (no cloak)
rCorr    .         Harm     .   (gloves unavailable)
MR       .....                  (boots unavailable)
Stlth    +++.......             (no amulet)
HPRegen  0.04/turn              (no ring)
MPRegen  0.10/turn              (no ring)

@: very quick
A: very small, unfitting armour, see invisible, herbivore, speed 3, slow
metabolism 2
a: no special abilities


You were on level 4 of the Dungeon.
You were not hungry.

You visited 1 branch of the dungeon, and saw 4 of its levels.
You also visited: Sewer.

You collected 140 gold pieces.

Inventory:

Hand Weapons
 a - a +1 dagger
 g - a +2 vampiric dagger (weapon)
Armour
 b - a +1 robe (worn)
Wands
 n - a wand of polymorph (11)
Scrolls
 c - a scroll of enchant weapon {unknown}
 e - 2 scrolls of remove curse {unknown}
 f - a scroll of blinking
 h - 3 scrolls of identify {unknown}
 k - a scroll of fear {unknown}
 l - 2 scrolls of magic mapping
 p - a scroll of teleportation {unknown}
Potions
 i - a potion of haste {unknown}
 j - a potion of curing {unknown}
 m - a potion of might {unknown}
 o - a potion of heal wounds {unknown}
Comestibles
 d - 9 rations


   Skills:
 - Level 1.1 Short Blades
 - Level 3.0 Dodging
 + Level 6.1 Stealth
 - Level 2.6 Spellcasting
 - Level 3.6 Hexes


You had 3 spell levels left.
You knew the following spells:

 Your Spells              Type           Power        Failure   Level  Hunger
a - Corona                Hex            ##.....      4%          1    #......
b - Ensorcelled Hibernat  Hex/Ice        #.....       14%         2    ##.....

Your spell library contained the following spells:

 Spells                   Type           Power        Failure   Level  Hunger
 Confusing Touch          Hex            ##......     13%         3    ###....
 Tukima's Dance           Hex            ##......     13%         3    ###....
 Dazzling Flash           Conj/Hex       #.....       28%         3    ###....


Dungeon Overview and Level Annotations

Branches:
Dungeon (4/15)              Sewer (visited)
 Temple: D:4-7

Altars:

Annotations:
D:2 Robin


Innate Abilities, Weirdness & Mutations

You are very small and have problems with some larger weapons.
You are too small for most types of armour.
You have supernaturally acute eyesight. (SInv)
You are a herbivore.
You cover ground extremely quickly.
You need to consume almost no food.


Message History

Aiming: Ensorcelled Hibernation (safe; 14% risk of failure)
Press: ? - help, Shift-Dir - straight line, f - hound
Aim: a hound (chance to defeat MR: 48%)
The hound looks drowsy...
The hound barks!
The ogre shouts!
The worker ant waves its antennae.
Found a scroll labeled LEIBOUCHOE.
Found a stone staircase leading up.
p - a scroll labeled LEIBOUCHOE
There is a stone staircase leading up here.
The ogre shouts!
Found 17 gold pieces.
Found 14 gold pieces.
You see here 17 gold pieces.
You now have 126 gold pieces (gained 17).
You see here 14 gold pieces.
You now have 140 gold pieces (gained 14).
The ogre hits you with a +0 giant club!
Ouch! That really hurt!
You die...

###.# #..#.....#
#..#####.......#
#.....###.....#
####..<.......#
#.....###.....#
....###..########
#.# ##...#######
# ###.......#
###.....@.#
#.........O.#
####........#
###......#
#......# #......#
########


You could see an ogre.

Vanquished Creatures
  A dart slug (D:2)
  A leopard gecko (D:1)
  A bat (D:1)
  A giant cockroach (D:2)
  A goblin (D:1)
  2 hobgoblins
  4 ball pythons (Sewer)
  A frilled lizard (D:1)
  4 kobolds
  A rat (D:1)
17 creatures vanquished.

Notes
Turn   | Place    | Note
-------+----------+-------------------------------------------
     0 | D:1      | Masnef the Spriggan Enchanter began the quest for the Orb.
     0 | D:1      | Reached XP level 1. HP: 9/9 MP: 5/5
   412 | D:1      | Reached skill level 5 in Stealth
   437 | D:1      | Reached XP level 2. HP: 7/13 MP: 6/6
   441 | D:1      | Learned a level 2 spell: Ensorcelled Hibernation
  1060 | D:2      | Found a faded altar of an unknown god.
  1161 | D:2      | Noticed Robin
  2002 | D:4      | Found a glowing drain.
  2007 | D:4      | Noticed an ogre
  2011 | Sewer    | Entered a sewer
  2038 | Sewer    | Reached skill level 6 in Stealth
  2357 | D:4      | Noticed an ogre
  2437 | D:4      | Slain by an ogre

Illustrated notes

Levels and vault maps discovered:
D:1:      saegor_arrival_simple_a, layout_loops_corners, grunt_decor_one_mirror
D:2:      layout_rooms, chequers_ecumenical_altar_island, uniq_robin
D:3:      layout_basic, first_ration
D:4:      layout_rooms, serial_shops, shop, cheibrodos_sewer_entry_drain

Skill      XL: |  1  2 |
---------------+-------+-----
Stealth        | 5 6 |  6.1
Short Blades   | |  1.1
Dodging        | |  3.0
Spellcasting   | |  2.6
Hexes          | |  3.6

Action                   || total
-------------------------++-------
Melee: Dagger            ||    47
 Cast: Ensorcelled Hiber ||     3
  Use: Scroll            ||     3
 Stab: Sleeping          ||    10
Armor: Robe              ||    13
Dodge: Dodged            ||    99
